 Dungeon Crawl Stone Soup version 0.19.1-1-g22dce08 (webtiles) character file.

303 Kiturien the Skirmisher (level 6, -18/43 HPs)
             Began as an Octopode Fighter on Jan 18, 2017.
             Demolished by an ogre
             ... wielding a +0 giant club
              (27 damage)
             ... on level 4 of the Dungeon.
             The game lasted 00:09:56 (3562 turns).

Kiturien the Skirmisher (Octopode Fighter)          Turns: 3562, Time: 00:09:57

Health: -18/43     AC:  1    Str: 15    XL:     6   Next: 38%
Magic:  6/6        EV: 13    Int: 14    God:
Gold:   151        SH:  9    Dex: 13    Spells: 0 memorised, 5 levels left

rFire  + . .     SeeInvis .     h - +1 dagger (holy)
rCold  . . .     Gourm    .     b - +0 shield
rNeg   . . .     Faith    .     (helmet restricted)
rPois  .         Spirit   .     (no amulet)
rElec  .         Reflect  .     e - +3 ring of intelligence
rCorr  .         Harm     .     i - ring of protection from fire
MR     .....                    (no ring)
Stlth  +++.......               (no ring)
                                (no ring)
                                (no ring)
                                (no ring)
                                (no ring)

@: no status effects
A: almost no armour, stealthy swim, amphibious, 8 rings, constrict 8, camouflage
1, gelatinous body 1
a: no special abilities


You were on level 4 of the Dungeon.
You were not hungry.

You visited 1 branch of the dungeon, and saw 4 of its levels.

You collected 151 gold pieces.

Inventory:

Hand Weapons
 a - a +0 rapier
 h - a +1 dagger of holy wrath (weapon)
 x - a +0 blowgun
Missiles
 p - 2 needles of sleeping
 y - 47 poisoned needles
Armour
 b - a +0 shield (worn)
Jewellery
 e - a +3 ring of intelligence (left tentacle)
 i - a ring of protection from fire (right tentacle)
Wands
 u - a wand of random effects (20/48)
 v - a wand of enslavement (17/24)
Scrolls
 d - a scroll of enchant weapon {unknown}
 f - a scroll of identify
 g - a scroll of blinking {unknown}
 k - a scroll of enchant armour {unknown}
 l - 3 scrolls of teleportation
 n - a scroll of fear {unknown}
 o - 2 scrolls of remove curse {unknown}
 t - a scroll of recharging {unknown}
Potions
 c - a potion of might
 j - 2 potions of curing
 m - a potion of invisibility
 s - a potion of cancellation
Comestibles
 q - 2 bread rations
 r - 2 beef jerkies
 w - a meat ration


   Skills:
 * Level 4.2 Fighting
 + Level 3.2 Short Blades
 + Level 4.1 Dodging
 + Level 3.4 Stealth
 * Level 4.1 Shields


You had 5 spell levels left.
You didn't know any spells.

Dungeon Overview and Level Annotations

Branches:
Dungeon (4/15)
 Temple: D:4-7

Altars:
Makhleb
Okawaru
Ru
Yredelemnul


Innate Abilities, Weirdness & Mutations

You cannot wear most types of armour.
You are very stealthy in the water. (Stealth+)
You are amphibious.
You can wear up to eight rings at the same time.
You can use your tentacles to constrict eight enemies at once.
Your skin changes colour to match your surroundings (Stealth+).
Your rubbery body absorbs attacks. (AC +1, EV +1)


Message History

You constrict the adder. The adder completely misses you.
You hit the adder. You squeeze the adder.
You kill the adder!
Found a stone staircase leading down.
Found a scroll labeled VOSASHR IBRI.
You hit the ogre.
The ogre is lightly wounded.
The ogre hits you with a giant club!!
Ouch! That really hurt!
* * * LOW HITPOINT WARNING * * *
You hit the ogre but do no damage.
The ogre is lightly wounded.
You barely miss the ogre.
The ogre is lightly wounded.
The ogre misses you.
You hit the ogre.
The ogre is moderately wounded.
The ogre hits you with a giant club!!
Ouch! That really hurt!
You die...

###...##.#
>###......#.###.
..............
###..........##
..............#
.#####..........#
........)...†## ##
#?@......### #.#
#.....O......)..####
..#.
##...>#.............
...
......#..........###
..
?....%?..........#
.#
.....#...........#
.# ....
#...........#
.####Z. ....
#...........#
.......
....#...##≈≈.≈≈#


You could see an ogre.

Vanquished Creatures
  Crazy Yiuf (D:2)
  An orc wizard (D:3)
  Ijyb (D:2)
  Natasha (thrice) (D:2)
  5 adders
  3 worms
  2 dart slugs
  3 leopard geckos
  5 orcs (D:3)
  A ball python (D:3)
  12 bats
  5 giant cockroaches
  10 goblins
  7 hobgoblins
  9 jackals
  3 frilled lizards
  7 kobolds
  4 rats
82 creatures vanquished.

Notes
Turn   | Place    | Note
-------+----------+-------------------------------------------
     0 | D:1      | Kiturien the Octopode Fighter began the quest for the Orb.
     0 | D:1      | Reached XP level 1. HP: 16/16 MP: 1/1
   206 | D:1      | Reached XP level 2. HP: 21/21 MP: 2/2
  1021 | D:2      | Noticed Natasha
  1028 | D:2      | Found a burning altar of Makhleb.
  1036 | D:2      | Killed Natasha
  1036 | D:2      | Reached XP level 3. HP: 6/26 MP: 3/3
  1148 | D:2      | Reached XP level 4. HP: 14/31 MP: 4/4
  1441 | D:2      | Reached skill level 1 in Stealth
  1478 | D:2      | Noticed Ijyb
  1487 | D:2      | Killed Ijyb
  1495 | D:2      | Reached XP level 5. HP: 15/37 MP: 5/5
  1789 | D:2      | Found a runed door.
  1793 | D:2      | Noticed Crazy Yiuf
  1799 | D:2      | Killed Crazy Yiuf
  2075 | D:2      | Noticed Natasha
  2088 | D:2      | Killed Natasha
  2170 | D:2      | Noticed Natasha
  2178 | D:2      | Killed Natasha
  2404 | D:3      | Reached XP level 6. HP: 38/43 MP: 6/6
  2741 | D:3      | Found a basalt altar of Yredelemnul.
  3089 | D:3      | Found a sacrificial altar of Ru.
  3529 | D:4      | Found an iron altar of Okawaru.
  3562 | D:4      | Demolished by an ogre

Skill      XL: |  1  2  3  4  5  6 |
---------------+-------------------+-----
Stealth        | 1 2 3 |  3.4
Dodging        | 4 |  4.1
Fighting       | 4 |  4.2
Short Blades   | 3 |  3.2
Shields        | 4 |  4.1

Action                   |  1- 3 |  4- 6 || total
-------------------------+-------+-------++-------
Melee: Rapier            |    13 |       ||    13
       Constrict         |    14 |    45 ||    59
       Tentacles         |     7 |    38 ||    45
       Dagger            |    38 |   160 ||   198
  Use: Scroll            |       |     5 ||     5
 Stab: Sleeping          |     6 |     2 ||     8
       Distracted        |       |     1 ||     1
  Eat: Bread ration      |     1 |     1 ||     2
Armor: Skin              |     6 |     9 ||    15
Dodge: Dodged            |    24 |    68 ||    92
Block: Shield            |    22 |    54 ||    76
